 Dungeon Crawl Stone Soup version 0.26-a0-639-g72c4674329 (webtiles) character file.

Game seed: 12389360412338180400

2573 Lanoc the Destroyer (level 9, -8/64 HPs)
             Began as a Demonspawn Conjurer on Sept 27, 2020.
             Was a Believer of Ashenzari.
             Killed from afar by Maggie (20 damage)
             ... with a bolt of fire
             ... on level 7 of the Dungeon.
             The game lasted 00:08:31 (6057 turns).

Lanoc the Destroyer (Demonspawn Conjurer)           Turns: 6057, Time: 00:08:32

Health: -8/64      AC:  7    Str:  8    XL:     9   Next: 32%
Magic:  11/12      EV: 16    Int: 22    God:    Ashenzari [**....]
Gold:   268        SH:  0    Dex: 12    Spells: 9/12 levels left

rFire    . . .     SeeInvis .   u - +2 whip (flame)
rCold    . . .     Faith    +   (no shield)
rNeg     + + .     Spirit   .   t - +2 robe {rN+}
rPois    .         Reflect  .   (helmet restricted)
rElec    .         Harm     .   (no cloak)
rCorr    .         Rampage  .   (no gloves)
MR       .....                  (no boots)
Stlth    +.........             b - amulet of faith (curse)
HPRegen  0.20/turn              n - ring of attention (curse)
MPRegen  0.13/turn              w - ring of positive energy

@: mighty
A: horns 1, molten scales 2, powered by pain 1, spiny 2
a: Curse Item, Scrying, Renounce Religion


You were on level 7 of the Dungeon.
You worshipped Ashenzari.
Ashenzari was pleased with you.
You visited 2 branches of the dungeon, and saw 8 of its levels.

You collected 268 gold pieces.

Inventory:

Hand Weapons
 u - a +2 whip of flaming (weapon)
Armour
 t - a +2 robe of positive energy (worn)
Jewellery
 b - a cursed amulet of faith (around neck)
 n - a cursed ring of attention (left hand)
 w - a ring of positive energy (right hand)
Wands
 p - a wand of paralysis (19)
Scrolls
 a - a scroll of blinking {unknown}
 d - a scroll of fear {unknown}
 e - 2 scrolls of teleportation {unknown}
 g - 3 scrolls of fog {unknown}
 h - 3 scrolls of magic mapping {unknown}
 j - a scroll of enchant weapon
 k - a scroll of enchant armour
 q - 2 scrolls of remove curse
 s - a scroll of amnesia {unknown}
Potions
 c - a potion of flight
 f - 2 potions of heal wounds
 i - a potion of might {unknown}
 l - 3 potions of invisibility
 m - 2 potions of stabbing
 o - a potion of lignification
 r - 4 potions of curing
 v - a potion of cancellation {unknown}
 x - a potion of haste {unknown}


   Skills:
 + Level 3.5 Fighting
 + Level 7.2 Dodging
 - Level 1.7 Stealth
 - Level 2.0 Spellcasting
 - Level 10.2(11.5) Conjurations


You had 9 spell levels left.
You knew the following spells:

 Your Spells              Type           Power        Failure   Level
a - Magic Dart            Conj           ####         1%          1
b - Searing Ray           Conj           ######       1%          2

Your spell library contained the following spells:

 Spells                   Type           Power        Failure   Level
 Dazzling Flash           Conj/Hex       ####..       3%          3
 Fulminant Prism          Conj/Hex       ####......   12%         4
 Iskenderun's Mystic Bla  Conj/Tloc      ####....     12%         4
 Animate Skeleton         Necr           #.....       13%         1
 Pain                     Necr           #...         13%         1
 Vampiric Draining        Necr           #.........   36%         3
 Animate Dead             Necr           #.........   78%         4
 Agony                    Necr           #.......     98%         5


Dungeon Overview and Level Annotations

Branches:
Dungeon (7/15)             Temple (1/1) D:7

Altars:
Ashenzari
Cheibriados
Gozag
Hepliaklqana
Nemelex Xobeh
Qazlal
Ru
Sif Muna
Trog
Xom
Yredelemnul
Zin
The Shining One

Annotations:
D:7 Maggie


Innate Abilities, Weirdness & Mutations

You have a pair of small horns on your head.
You are mostly covered in molten scales. (AC +3)
You sometimes gain a little power by taking damage.
You are mostly covered in sharp spines.


Message History

Maggie points at you and mumbles some strange words.
The bolt of fire hits you!
* * * LOW HITPOINT WARNING * * *
You focus on the pain.
You feel your power returning.
The orc wizard hits you with a +0 dagger.
* * * LOW HITPOINT WARNING * * *
The searing ray hits Maggie!
Maggie is heavily wounded.
The searing ray misses the orc priest.
Maggie is struck by your spines. Maggie barely misses you.
The orc wizard misses you.
The searing ray hits Maggie!
Maggie is severely wounded.
The searing ray hits the orc priest!
You kill the orc priest!
The searing ray hits the orc priest!
You kill the orc priest!
You finish channeling your searing ray.
Maggie gestures at you while chanting. The bolt of fire hits you!!
You die...

#.#######.###.#, ,, ,
#.........#...#
##...######.### * #...#
#.# * #...# #.# *, *
#...# #.# * * #...# #.#
** #..
,,####..)######.###.....*
...............@@))....,
,
.#.#######.######o#.##.#
.#................# * , *
...........######.., *,*
* ##.....###.# .#.** *
≈≈≈≈≈≈≈≈≈#.######.###
≈#.....#≈#......#.#
≈.......≈.......#.#
≈.†.....≈.......#


You could see Maggie and an orc wizard.

Vanquished Creatures
  Pikel (D:4)
  Grinder (D:3)
  Duvessa (D:4)
  A phantom (D:4)
  A sky beast (D:5)
  3 ogres (D:5)
  A hornet zombie (D:7)
  An ice beast (D:2)
  2 lemures (D:4)
  Blork the orc (D:4)
  3 bullfrogs
  Dowan (D:4)
  2 scorpions
  3 wights (D:6)
  A bullfrog skeleton (D:7)
  7 orc priests
  2 hounds
  2 jellies
  2 iguanas
  2 orc wizards (D:4)
  2 worker ants
  3 hound skeletons
  5 adders
  An ufetubus (D:5)
  An adder zombie (D:5)
  6 worms
  5 leopard geckos
  10 orcs
  A ball python (D:2)
  7 giant cockroaches
  8 goblins
  2 hobgoblins (D:3)
  12 jackals
  6 quokkas
  A ball python zombie (D:5)
  6 bats
  7 frilled lizards
  8 kobolds
  3 rats
132 creatures vanquished.

Vanquished Creatures (others)
  7 plants (D:2)
  4 toadstools (D:1)
11 creatures vanquished.

Grand Total: 143 creatures vanquished

Notes
Turn   | Place    | Note
-------+----------+-------------------------------------------
     0 | D:1      | Lanoc the Demonspawn Conjurer began the quest for the Orb.
     0 | D:1      | Reached XP level 1. HP: 13/13 MP: 3/3
   313 | D:1      | Gained mutation: You are partially covered in molten
                  | scales. (AC +2) [demonic ancestry]
   313 | D:1      | Reached XP level 2. HP: 19/19 MP: 3/5
   764 | D:2      | Noticed an ice beast
   807 | D:2      | Gained mutation: You are partially covered in sharp spines.
                  | [demonic ancestry]
   807 | D:2      | Reached XP level 3. HP: 24/24 MP: 4/6
   827 | D:2      | Learned a level 2 spell: Searing Ray
   903 | D:2      | Found a shattered altar of Ashenzari.
   934 | D:2      | Became a worshipper of Ashenzari the Shackled
   984 | D:2      | Killed an ice beast
   984 | D:2      | Reached skill level 5 in Conjurations
   984 | D:2      | Gained mutation: You sometimes gain a little power by
                  | taking damage. [demonic ancestry]
   984 | D:2      | Reached XP level 4. HP: 30/30 MP: 3/7
  1065 | D:2      | Reached XP level 5. HP: 35/35 MP: 2/8
  1748 | D:3      | Found a glowing silver altar of Zin.
  1774 | D:3      | Noticed Grinder
  1784 | D:3      | Killed Grinder
  1784 | D:3      | Reached skill level 6 in Conjurations
  1784 | D:3      | Reached XP level 6. HP: 27/41 MP: 6/9
  2528 | D:3      | Found a sacrificial altar of Ru.
  3017 | D:4      | Noticed Dowan
  3017 | D:4      | Noticed Duvessa
  3023 | D:4      | Killed Duvessa
  3023 | D:4      | Reached skill level 7 in Conjurations
  3025 | D:4      | Killed Dowan
  3119 | D:4      | Reached * piety under Ashenzari
  3129 | D:4      | Gained mutation: You are mostly covered in molten scales.
                  | (AC +3) [demonic ancestry]
  3129 | D:4      | Reached XP level 7. HP: 46/46 MP: 7/10
  3243 | D:4      | Noticed Pikel
  3253 | D:4      | Killed Pikel
  3253 | D:4      | Reached skill level 5 in Dodging
  3253 | D:4      | Reached skill level 8 in Conjurations
  3466 | D:4      | Gained mutation: You are mostly covered in sharp spines.
                  | [demonic ancestry]
  3466 | D:4      | Reached XP level 8. HP: 52/52 MP: 3/11
  3578 | D:4      | Reached skill level 9 in Conjurations
  3815 | D:4      | Noticed Blork the orc
  3818 | D:4      | Killed Blork the orc
  4338 | D:5      | Entered Level 5 of the Dungeon
  4796 | D:5      | Reached skill level 10 in Conjurations
  5181 | D:6      | Reached ** piety under Ashenzari
  5250 | D:6      | Found an opulent altar of Gozag.
  5291 | D:6      | Reached skill level 1 in Fighting
  5460 | D:6      | Gained mutation: You have a pair of small horns on your
                  | head. [demonic ancestry]
  5460 | D:6      | Reached XP level 9. HP: 59/59 MP: 9/12
  5732 | D:6      | Found a sparkling altar of Nemelex Xobeh.
  5847 | D:6      | Found a basalt altar of Yredelemnul.
  5847 | D:6      | Found a shimmering altar of Xom.
  5882 | D:7      | Found a staircase to the Ecumenical Temple.
  5898 | Temple   | Entered the Ecumenical Temple
  6048 | D:7      | Noticed Maggie
  6057 | D:7      | Killed from afar by Maggie

Illustrated notes

Levels and vault maps discovered:
D:1:      ldierk_walled_garden_2, layout_basic
D:2:      layout_loops_ring, ashenzari_altar_1, chequers_big_river, st_stairs_10
D:3:      layout_basic, zin_academy, nicolae_ru_path_of_blood, uniq_grinder
D:4:      layout_basic, grunt_ministairs_7, uniq_duvessa, uniq_pikel,
          uniq_blork_the_orc
D:5:      layout_rooms
D:6:      layout_basic, nicolae_overflow_hidden_temple,
          gammafunk_temple_overflow_statue,
          nicolae_gozag_cash_rules_everything_around_me
D:7:      layout_basic, minmay_temple_entry_water_ring, grunt_ministairs_9,
          uniq_maggie
Temple:   eino_temple_lava

Skill      XL: |  1  2  3  4  5  6  7  8  9 |
---------------+----------------------------+-----
Dodging        | 2 3 4 5 6 7 |  7.2
Conjurations   | 5 6 7 8 10 | 10.2
Fighting       | 1 3 |  3.5
Stealth        | |  1.7
Spellcasting   | |  2.0

Action                   |  1- 3 |  4- 6 |  7- 9 || total
-------------------------+-------+-------+-------++-------
Melee: Unarmed           |    22 |     5 |       ||    27
       Dagger            |       |       |     5 ||     5
       Whip              |       |       |    46 ||    46
 Cast: Magic Dart        |    52 |    32 |       ||    84
       Searing Ray       |     1 |    13 |    39 ||    53
Invok: Curse Item        |       |     1 |       ||     1
  Use: Potion            |     3 |       |       ||     3
       Scroll            |     2 |     2 |     5 ||     9
Armor: Robe              |     7 |     3 |    24 ||    34
Dodge: Dodged            |    34 |     5 |    69 ||   108

Table legend: (Time is in decaauts)
 A = Elapsed time spent in this place.
 B = Non-inter-level travel time spent in this place.
 C = Inter-level travel time spent in this place.
 D = Time resting spent in this place.
 E = Time spent auto-exploring this place.
 F = Levels seen in this place.
 G = Mean time per level.
                   A        B        C        D        E       F      G
               +--------+--------+--------+--------+--------+-----+--------+
         Total |   6071 |   5961 |    110 |      0 |   5303 |   8 |  758.9 |
       Dungeon |   6066 |   5956 |    110 |      0 |   5303 |   7 |  866.6 |
        Temple |      4 |      4 |      0 |      0 |      0 |   1 |    4.0 |
               +--------+--------+--------+--------+--------+-----+--------+

Top non-repeatable levels by time:
     D:3: 1361 daAuts
     D:4: 1332 daAuts
     D:2: 1289 daAuts
     D:5: 791 daAuts
     D:6: 744 daAuts
     D:1: 365 daAuts
     D:7: 181 daAuts
  Temple: 4 daAuts
